 Dungeon Sprint DCSS version 0.29-a0-512-gf59ac788ac (webtiles) character file.

Game seed: 11008661178538564545

6885 mhtbhm the Brawler (level 10, -3/78 HPs)
             Began as a Demigod Transmuter on May 29, 2022.
             Slain by a lindwurm (10 damage)
             ... in the Dungeon (Sprint I: "Red Sonja").
             The game lasted 00:07:53 (3055 turns).

mhtbhm the Brawler (Demigod Transmuter)             Turns: 3055, Time: 00:07:54

Health: -3/78      AC:  2    Str: 23    XL:     10   Next: 50%
Magic:  37/37      EV: 16    Int: 15    God:
Gold:   337        SH:  0    Dex: 14    Spells: 12/29 levels left

rFire   . . .      SeeInvis .     - Unarmed
rCold   . . .      Faith    .   (no shield)
rNeg    . . .      Spirit   .   a - +0 robe
rPois   .          Reflect  .   (helmet currently unavailable)
rElec   .          Harm     .   (no cloak)
rCorr   .          Rampage  .   (no gloves)
Will    +....      NoTele   +   (boots currently unavailable)
Stlth   +++.......              (no amulet)
HPRegen 0.23/turn               l - ring of magical power
MPRegen 0.25/turn               (no ring)

@: mighty, appendages, wereblooded
A: horns 2, talons 2, high MP 1, forlorn, divine attributes
a: End Transformation


You were in the Dungeon.
You had temporarily grown beastly horns and talons.
You visited 1 branch You collected 2320 gold pieces.
You spent 1983 gold pieces at shops.

Inventory:

Missiles
 k - 3 curare-tipped darts (quivered)
Armour
 a - a +0 robe (worn)
 p - the +0 mask of the Dragon (melded) {Will+ Slay+3 SInv}
   (You bought it in a shop in the Dungeon)

   Slay:      It affects your accuracy & damage with ranged weapons and melee
   (+3).
   SInv:      It lets you see invisible.
   Will:      It increases your willpower.
Jewellery
 l - a ring of magical power (left hand)
Wands
 c - a wand of polymorph (6)
Scrolls
 g - 2 scrolls of enchant weapon
 h - a scroll of blinking
 j - a scroll of vulnerability
 r - a scroll of magic mapping
Potions
 b - a potion of lignification
 d - a potion of attraction
 e - a potion of haste
 f - 2 potions of magic
 i - 2 potions of might
 m - 2 potions of curing
 q - a potion of brilliance {unknown}
Miscellaneous
 o - a condenser vane


   Skills:
 + Level 4.1 Fighting
 + Level 2.0 Throwing
 + Level 9.0 Dodging
 - Level 5.6 Stealth
 + Level 15.4 Unarmed Combat
 * Level 10.3 Spellcasting
 * Level 9.3 Transmutations
 + Level 4.0 Ice Magic
 + Level 2.4 Poison Magic
 + Level 0.7 Evocations


You had 12 spell levels left.
You knew the following spells:

 Your Spells              Type           Power      Damage    Failure   Level
a - Beastly Appendage     Tmut           70%        N/A       1%          1
b - Wereblood             Tmut           35%        N/A       1%          2
c - Spider Form           Tmut/Pois      25%        N/A       2%          3
d - Ice Form              Ice/Tmut       27%        N/A       6%          4
e - Dragon Form           Tmut           17%        N/A       86%         7

Your spell library contained the following spells:

 Spells                   Type           Power      Damage    Failure   Level
 Magic Dart               Conj           28%        1d4       10%         1
 Cause Fear               Hex            3%         N/A       67%         4
 Sticky Flame             Conj/Fire      7%         2d3       67%         4
 Freezing Cloud           Conj/Ice/Air   5%         6-21      83%         5
 Conjure Ball Lightning   Conj/Air       3%         3x3d6     100%        6
 Dragon's Call            Summ           3%         N/A       100%        9


Dungeon Overview and Level Annotations

Branches:
Dungeon (1/1)

Shops:
D :**?(([[(![[!?*[!


Innate Abilities, Weirdness & Mutations

You have temporarily grown beastly horns and talons.
You have an increased reservoir of magic. (+10% MP)
You shall have no god before yourself.
Your divine heritage dramatically boosts your attributes as you level up.


Message History

Found 27 gold pieces.
You now have 337 gold pieces (gained 27).
A lindwurm comes into view.
You see here 27 gold pieces.
The lindwurm roars!
The lindwurm breathes flames at you. The blast of flame hits you!!!
Ouch! That really hurt!
You see here 27 gold pieces.
You are too injured to fight recklessly!
You are too injured to fight recklessly!
You are too injured to fight recklessly!
You are too injured to fight recklessly!
You are too injured to fight recklessly!
You are too injured to fight recklessly!
You are too injured to fight recklessly!
You are too injured to fight recklessly!
You are too injured to fight recklessly!
You are too injured to fight recklessly!
You are too injured to fight recklessly!
You are too injured to fight recklessly!
You are too injured to fight recklessly!
Okay, then.
You hit the lindwurm.
You claw the lindwurm, but do no damage.
The lindwurm is lightly wounded.
The lindwurm closely misses you. The lindwurm claws you!
The lindwurm misses you.
Unknown command.
You feel very mighty all of a sudden. The lindwurm bites you!
* * * LOW HITPOINT WARNING * * *
The lindwurm claws you.
* * * LOW HITPOINT WARNING * * *
The lindwurm claws you.
* * * LOW HITPOINT WARNING * * *
You punch the lindwurm! You claw the lindwurm!
The lindwurm is heavily wounded.
The lindwurm bites you!
You die...

###################
#__#..'.).#..#§§@k+
'..'..#)..##'#§####
#__####...'.§#§#
####..#####).§.#
#§§§§)#..##+####
§§≈§§§'..#.....#
#≈≈≈.)#..#..○°.+
##'#####'###.°○#
#)...###.'§#.°○#


You could see a lindwurm.

Vanquished Creatures
  2 centaur warriors (D)
  Sonja (D)
  A deep troll (D)
  An oklob plant (D)
  A gargoyle (D)
  4 demonic crawlers (D)
  2 unseen horrors (D)
  2 kobold demonologists (D)
  A hornet (D)
  A slime creature (D)
  Sigmund (D)
  A yak (D)
  2 redbacks (D)
  2 floating eyes (D)
  An ogre (D)
  7 necrophages (D)
  8 jellies (D)
  Ijyb (D)
39 creatures vanquished.

Vanquished Creatures (others)
  2 ballistomycete spores (D)
2 creatures vanquished.

Grand Total: 41 creatures vanquished

Notes
Turn   | Place    | Note
-------+----------+-------------------------------------------
     0 | D        | mhtbhm the Demigod Transmuter began the quest for the Orb.
     0 | D        | Reached XP level 1. HP: 15/15 MP: 5/5
     3 | D        | Noticed Ijyb
    12 | D        | Killed Ijyb
    13 | D        | Reached skill level 4 in Unarmed Combat
    13 | D        | Reached XP level 2. HP: 22/22 MP: 5/8
    14 | D        | Noticed an ogre
    19 | D        | Killed an ogre
    20 | D        | Reached skill level 6 in Unarmed Combat
    20 | D        | Reached XP level 3. HP: 27/27 MP: 7/11
    20 | D        | Reached XP level 4. HP: 34/34 MP: 7/12
    24 | D        | Noticed Sigmund
    41 | D        | Killed Sigmund
    42 | D        | Reached skill level 1 in Fighting
    42 | D        | Reached skill level 8 in Unarmed Combat
    42 | D        | Reached XP level 5. HP: 35/40 MP: 10/15
   131 | D        | Learned a level 2 spell: Wereblood
   135 | D        | Learned a level 3 spell: Spider Form
   140 | D        | Learned a level 4 spell: Ice Form
   148 | D        | Reached skill level 9 in Unarmed Combat
   148 | D        | Reached skill level 5 in Spellcasting
   152 | D        | Found Iluweh's General Store.
   152 | D        | Noticed a yak
   163 | D        | Killed a yak
   164 | D        | Reached skill level 5 in Dodging
   164 | D        | Reached skill level 10 in Unarmed Combat
   164 | D        | Reached XP level 6. HP: 26/47 MP: 13/18
   518 | D        | Noticed a slime creature
   523 | D        | Killed a slime creature
   524 | D        | Reached skill level 1 in Stealth
   524 | D        | Reached skill level 5 in Transmutations
   524 | D        | Reached XP level 7. HP: 52/52 MP: 15/19
   534 | D        | Noticed a kobold demonologist
   534 | D        | Noticed a kobold demonologist
   535 | D        | Paralysed by a floating eye for 3 turns
   539 | D        | Reached skill level 11 in Unarmed Combat
   539 | D        | Noticed a chaos spawn
   541 | D        | Noticed a smoke demon
   541 | D        | Killed a kobold demonologist
   542 | D        | Reached skill level 1 in Ice Magic
   547 | D        | Killed a kobold demonologist
   548 | D        | Reached skill level 12 in Unarmed Combat
   548 | D        | Reached XP level 8. HP: 59/59 MP: 16/22
   572 | D        | Noticed Sonja
   579 | D        | Killed Sonja
   597 | D        | Found Qatox's Book Boutique.
   739 | D        | Noticed a deep troll
   761 | D        | Killed a deep troll
   762 | D        | Reached skill level 13 in Unarmed Combat
   785 | D        | Found Kuutitok's Armour Emporium.
   967 | D        | Noticed a centaur warrior
   969 | D        | Noticed a centaur warrior
   974 | D        | Killed a centaur warrior
   975 | D        | Reached skill level 1 in Throwing
   975 | D        | Reached skill level 1 in Poison Magic
   975 | D        | Reached XP level 9. HP: 18/68 MP: 26/26
   976 | D        | HP: 3/102 [centaur warrior (4)]
   978 | D        | Killed a centaur warrior
   979 | D        | Reached skill level 14 in Unarmed Combat
  1293 | D        | Noticed an oklob plant
  1297 | D        | Killed an oklob plant
  1298 | D        | Reached skill level 5 in Stealth
  1981 | D        | Killed an unseen horror
  1982 | D        | Reached XP level 10. HP: 77/77 MP: 28/28
  2192 | D        | Got the Collected Works on Aerial Arcane Weapons
  2220 | D        | Found Ymesset's Magic Scroll Shoppe.
  2220 | D        | Found Todoz's General Store.
  2220 | D        | Found Zipibb's Antique Weapon Boutique.
  2222 | D        | Found Itic Cus's Antique Weapon Emporium.
  2222 | D        | Found Yqeac's Antique Armour Shop.
  2222 | D        | Found Baofu's Antique Armour Shoppe.
  2222 | D        | Found Qumuix's Antique Weapon Boutique.
  2222 | D        | Found Enaoggow's Distillery.
  2222 | D        | Found Dunlitoc's Armour Shop.
  2222 | D        | Found Texyxucs's Armour Shoppe.
  2226 | D        | Bought a scroll of identify for 28 gold pieces
  2228 | D        | Found Zuehez's Distillery.
  2229 | D        | Found Weteq's Assorted Antiques.
  2229 | D        | Found Kezisch's Magic Scroll Boutique.
  2230 | D        | Bought the +0 mask of the Dragon {Will+ Slay+3 SInv} for
                  | 935 gold pieces
  2230 | D        | Found the +0 mask of the Dragon {Will+ Slay+3 SInv}
  2246 | D        | Found Fuosu's Distillery.
  2257 | D        | Bought a potion of haste for 130 gold pieces
  2257 | D        | Bought a potion of heal wounds for 65 gold pieces
  2257 | D        | Bought 2 potions of might for 104 gold pieces
  2258 | D        | Bought a scroll of magic mapping for 45 gold pieces
  2259 | D        | Identified a scroll of acquirement
  2261 | D        | Acquired 755 gold pieces
  2269 | D        | Bought a scroll of acquirement for 676 gold pieces
  2269 | D        | Acquired a book of the Dragon
  2281 | D        | Learned a level 7 spell: Dragon Form
  2416 | D        | Reached skill level 15 in Unarmed Combat
  2416 | D        | Reached skill level 10 in Spellcasting
  3051 | D        | Noticed a lindwurm
  3055 | D        | Slain by a lindwurm

Illustrated notes

Levels and vault maps discovered:
D:        dungeon_sprint_1 [red_sonja_temple_1, red_sonja_temple_small_1]

Skill      XL: |  1  2  3  4  5  6  7  8  9 10 |
---------------+-------------------------------+-----
Dodging        | 2 3 4 5 6 7 8 9 |  9.0
Unarmed Combat | 4 6 8 10 12 13 14 15 | 15.4
Spellcasting   | 2 3 4 5 6 7 8 9 10 | 10.3
Transmutations | 2 3 4 5 6 7 8 9 |  9.3
Fighting       | 1 2 3 4 |  4.1
Stealth        | 1 2 4 5 |  5.6
Ice Magic      | 1 2 3 4 |  4.0
Throwing       | 1 2 |  2.0
Poison Magic   | 1 2 |  2.4
Evocations     | |  0.7

Action                   |  1- 3 |  4- 6 |  7- 9 | 10-12 || total
-------------------------+-------+-------+-------+-------++-------
Melee: Unarmed           |     8 |    18 |    37 |    57 ||   120
       Kick              |       |     7 |       |     2 ||     9
       Headbutt          |       |     6 |       |       ||     6
       Punch             |       |     2 |       |       ||     2
Throw: Dart              |       |       |     3 |       ||     3
 Cast: Beastly Appendage |     1 |     2 |       |     1 ||     4
       Wereblood         |       |     2 |     3 |     2 ||     7
       Ice Form          |       |     1 |     3 |     3 ||     7
       Spider Form       |       |       |     5 |     1 ||     6
Evoke: Wand              |       |       |     1 |       ||     1
  Use: Potion            |       |     2 |     2 |     3 ||     7
       Scroll            |       |       |       |     6 ||     6
 Stab: Sleeping          |       |     1 |     2 |       ||     3
Armor: Skin              |       |       |    11 |    14 ||    25
Dodge: Dodged            |     3 |    12 |    58 |    39 ||   112

Table legend: (Time is in decaauts)
 A = Elapsed time spent in this place.
 B = Non-inter-level travel time spent in this place.
 C = Inter-level travel time spent in this place.
 D = Time resting spent in this place.
 E = Time spent auto-exploring this place.
 F = Levels seen in this place.
 G = Mean time per level.
                   A        B        C        D        E       F      G
               +--------+--------+--------+--------+--------+-----+--------+
         Total |   3023 |   3023 |      0 |   2226 |      0 |   1 | 3023.0 |
       Dungeon |   3023 |   3023 |      0 |   2226 |      0 |   1 | 3023.0 |
               +--------+--------+--------+--------+--------+-----+--------+

Top non-repeatable levels by time:
       D: 3023 daAuts
